 Dungeon Crawl Stone Soup version 0.25-a0-1130-g3926558f3a (webtiles) character file.

Game seed: 5842789743036060517, levelgen mode: classic

1411 Amnesiac the Digger (level 8, -1/36 HPs)
             Began as a Vine Stalker Earth Elementalist on May 20, 2020.
             Was a Believer of Wu Jian.
             Slain by a crocodile (3 damage)
             ... on level 8 of the Dungeon.
             The game lasted 00:16:31 (5016 turns).

Amnesiac the Digger (VSEE)                          Turns: 5016, Time: 00:16:32

Health: -1/36      AC:  3    Str: 12    XL:     8   Next: 70%
Magic:  0/17       EV: 12    Int: 15    God:    Wu Jian [**....]
Gold:   184        SH:  0    Dex: 16    Spells: 5/17 levels left

rFire    . . .     SeeInvis .   a - +0 dagger
rCold    . . .     Gourm    .   (no shield)
rNeg     . . .     Faith    +   c - +0 robe
rPois    .         Spirit   +   j - +1 hat
rElec    .         Reflect  .   (no cloak)
rCorr    .         Harm     .   (no gloves)
MR       +....                  (no boots)
Stlth    +++.......             x - amulet of faith
HPRegen  0.52/turn              r - ring of stealth
MPRegen  0.15/turn              (no ring)

@: studying Short Blades
A: fangs 3, regeneration 1, magic shield, antimagic bite, no potion heal 3, rot
immunity
a: Wall Jump, Renounce Religion


You were on level 8 of the Dungeon.
You worshipped Wu Jian.
Wu Jian was pleased with you.
You were not hungry.

You visited 2 branches of the dungeon, and saw 7 of its levels.
You also visited: Ossuary.

You collected 184 gold pieces.

Inventory:

Hand Weapons
 a - a +0 dagger (weapon)
 b - a +0 quarterstaff
Missiles
 i - 121 stones
 B - 2 curare-tipped darts (quivered)
Armour
 c - a +0 robe (worn)
 j - a +1 hat (worn)
 m - a +0 ring mail of cold resistance
Jewellery
 l - an uncursed amulet of reflection
 r - a ring of stealth (left hand)
 x - an amulet of faith (around neck)
 E - an uncursed ring of protection from magic {unknown}
Scrolls
 e - a scroll of fog {!r}
 f - 5 scrolls of amnesia {!r}
 g - 6 scrolls of remove curse {!r}
 n - 2 scrolls of identify {!r}
 s - 3 scrolls of teleportation {!r}
 w - a scroll of blinking {!r}
 z - 3 scrolls of enchant armour {!r}
 C - a scroll of enchant weapon {!r, unknown}
Potions
 h - 2 potions of stabbing {!q, unknown}
 k - 3 potions of might {!q}
 o - 2 potions of cancellation {!q}
 p - a potion of invisibility {!q}
 q - 8 potions of curing {!q}
 t - 3 potions of lignification {!q}
 u - a potion of brilliance {!q}
 v - 2 potions of mutation {!q, unknown}
 A - a potion of flight {!q, unknown}
 D - a potion of haste {!q}
Books
 y - a manual of Short Blades
Comestibles
 d - 4 rations
 F - a chunk of flesh


   Skills:
 * Level 6.7 Short Blades
 - Level 1.5 Dodging
 - Level 3.0 Stealth
 + Level 5.4 Spellcasting
 - Level 1.0 Transmutations
 * Level 7.7 Earth Magic


You had 5 spell levels left.
You knew the following spells:

 Your Spells              Type           Power        Failure   Level  Hunger
a - Sandblast             Erth           ####..       1%          1    None
b - Passwall              Tmut/Erth      ###.....     4%          2    #......
d - Lee's Rapid Deconstr  Erth           ####......   19%         5    ######.
e - Petrify               Tmut/Erth      ###.....     26%         4    ####...

Your spell library contained the following spells:

 Spells                   Type           Power        Failure   Level  Hunger
 Stone Arrow              Conj/Erth      ###...       10%         3    ###....


Dungeon Overview and Level Annotations

Branches:
Dungeon (8/15)             Temple (1/1) D:4            Lair (0/6) D:8
Ossuary (visited)

Altars:
Ashenzari
Cheibriados
Dithmenos
Elyvilon
Fedhas
Gozag
Makhleb
Nemelex Xobeh
Okawaru
Qazlal
Ru
Sif Muna
Trog
Uskayaw
Vehumet
Wu Jian
Xom
Yredelemnul
Zin
The Shining One


Innate Abilities, Weirdness & Mutations

You have razor-sharp teeth.
Your natural rate of healing is unusually fast.
When hurt, damage is shared between your health and your magic reserves.
Your bite disrupts and absorbs the magic of your enemies.
Potions cannot restore your health.
You are immune to rotting.


Message History

The ogre is moving more slowly.
There is a collapsed entrance here.
The ogre stops moving altogether!
The helpless ogre fails to defend itself.
You impale the ogre!!
The ogre is heavily wounded.
The helpless ogre fails to defend itself.
You impale the ogre!!
You kill the ogre!
The Council accepts your kill.
There is a collapsed entrance, spattered with blood here.
You see here a cursed -3 giant spiked club.
The porcupine is too close now for your liking.
Casting: Petrify (extremely dangerous; 26% risk of failure)
Confirm with . or Enter, or press ? or * to list all spells.
Aiming: Petrify (extremely dangerous; 26% risk of failure)
Press: ? - help, Shift-Dir - straight line, f - porcupine
Aim: a porcupine (wandering, hasn't noticed you, chance to defeat MR: 47%)
The porcupine resists with some effort.
Casting: Petrify (extremely dangerous; 26% risk of failure)
Confirm with . or Enter, or press ? or * to list all spells.
Aiming: Petrify (extremely dangerous; 26% risk of failure)
Press: ? - help, Shift-Dir - straight line, f/p - porcupine
Aim: a porcupine (chance to defeat MR: 47%)
The porcupine is moving more slowly.
The porcupine stops moving altogether!
You lunge at the porcupine.
You are struck by the porcupine's spines.
The helpless porcupine fails to defend itself.
You impale the porcupine!!
You kill the porcupine!
The Council accepts your kill.
You see here a flail.
You see here a porcupine corpse.
You butcher the porcupine corpse.
Things that are here:
a chunk of flesh; a porcupine skeleton
F - a chunk of flesh You see here a flail.
The wolf howls!
The crocodile completely misses you.
Casting: Petrify (extremely dangerous; 26% risk of failure)
Confirm with . or Enter, or press ? or * to list all spells.
Aiming: Petrify (extremely dangerous; 26% risk of failure)
Press: ? - help, Shift-Dir - straight line, f - crocodile
Aim: a crocodile (chance to defeat MR: 48%)
The crocodile resists with some effort.
The crocodile bites you.
You closely miss the crocodile. The crocodile bites you!
* * * LOW HITPOINT WARNING * * *
You hit the crocodile but do no damage. You bite the crocodile.
You drain its power.
You feel invigorated.
The crocodile is lightly wounded.
Unknown command.
You hit the crocodile but do no damage.
The crocodile is lightly wounded.
The crocodile bites you.
* * * LOW HITPOINT WARNING * * *
Unknown command.
Okay, then.
Okay, then.
You barely miss the crocodile.
The crocodile is lightly wounded.
The crocodile bites you.
You die...

...........##.##...##
..........##...# ####
.........###..####..##
?.......##....#.#....#
..#....#.##..........#
####...............##
.###.............###
###..##........### #
#...........ht@#
..##........#..###
#.........###..####
#.#......รท.8##.##8#
#.........)#....#.#
.................##
.................#
.....##..####.#.##
....# #.#####.).#


You could see a crocodile and a wolf.

Vanquished Creatures
  A porcupine (D:8)
  2 sky beasts
  2 ogres
  A bullfrog (D:8)
  A water moccasin zombie (Ossuary)
  2 bullfrog zombies (Ossuary)
  A centaur zombie (Ossuary)
  An orc wizard (D:4)
  3 orc priests (D:4)
  A jelly (Temple)
  A centaur skeleton (D:4)
  An iguana (D:4)
  4 worker ants
  2 killer bee zombies (Ossuary)
  9 mummies (Ossuary)
  A howler monkey zombie (Ossuary)
  6 adders
  9 oozes
  7 adder zombies
  An adder skeleton (D:4)
  2 worms
  2 dart slugs
  3 leopard geckos
  10 orcs
  8 bats
  10 giant cockroaches
  10 hobgoblins
  16 jackals
  5 kobolds
  A ball python (D:2)
  6 frilled lizards
  A giant cockroach zombie (Ossuary)
  8 goblins
  2 leopard gecko zombies (Ossuary)
  A quokka skeleton (D:4)
  2 quokka zombies (Ossuary)
  12 rats
155 creatures vanquished.

Vanquished Creatures (others)
  A hobgoblin (D:3)
  3 fungi (D:8)
  A plant (D:8)
  A withered plant (Ossuary)
6 creatures vanquished.

Grand Total: 161 creatures vanquished

Notes
Turn   | Place    | Note
-------+----------+-------------------------------------------
     0 | D:1      | Amnesiac the Vine Stalker Earth Elementalist began the
                  | quest for the Orb.
     0 | D:1      | Reached XP level 1. HP: 9/9 MP: 4/4
    29 | D:1      | Found a runed translucent door.
   118 | D:1      | Reached XP level 2. HP: 11/13 MP: 6/6
   122 | D:1      | Learned a level 2 spell: Passwall
   731 | D:1      | Reached XP level 3. HP: 16/16 MP: 7/7
   952 | D:1      | Reached skill level 4 in Earth Magic
   960 | D:1      | Gained mutation: Your natural rate of healing is unusually
                  | fast. [Vine Stalker growth]
   960 | D:1      | Reached XP level 4. HP: 9/21 MP: 5/9
  1137 | D:2      | Found a bloodstained altar of Trog.
  1217 | D:2      | Reached XP level 5. HP: 24/24 MP: 8/10
  1339 | D:2      | Reached skill level 1 in Short Blades
  1520 | D:2      | Learned a level 4 spell: Petrify
  1916 | D:3      | Found an opulent altar of Gozag.
  2323 | D:3      | Found a basalt altar of Yredelemnul.
  2553 | D:4      | Identified a paperback manual
  2554 | D:4      | Reached skill level 5 in Earth Magic
  2585 | D:4      | Reached XP level 6. HP: 16/28 MP: 8/12
  2654 | D:4      | Found a staircase to the Ecumenical Temple.
  2661 | Temple   | Entered the Ecumenical Temple
  2747 | Temple   | Became a worshipper of the Wu Jian Council
  3471 | D:4      | Reached XP level 7. HP: 32/32 MP: 14/14
  3533 | D:4      | Reached skill level 6 in Earth Magic
  3646 | D:5      | Entered Level 5 of the Dungeon
  3652 | D:5      | Found a burning altar of Makhleb.
  3763 | D:5      | Found a white marble altar of Elyvilon.
  3767 | D:5      | Found a blossoming altar of Fedhas.
  4104 | D:5      | You fall into a shaft and drop 3 floors!
  4104 | D:8      | Found a staircase to the Lair.
  4152 | D:8      | Found a sand-covered staircase.
  4242 | D:8      | Noticed a two-headed ogre
  4255 | D:8      | Gained mutation: You have razor-sharp teeth. [Vine Stalker
                  | growth]
  4255 | D:8      | Reached XP level 8. HP: 36/36 MP: 11/16
  4284 | Ossuary  | Entered an ossuary
  4390 | Ossuary  | Reached * piety under Wu Jian
  4390 | Ossuary  | Reached skill level 5 in Short Blades
  4510 | Ossuary  | Learned a level 5 spell: Lee's Rapid Deconstruction
  4576 | Ossuary  | Reached skill level 7 in Earth Magic
  4628 | Ossuary  | Reached skill level 5 in Spellcasting
  4867 | Ossuary  | Reached ** piety under Wu Jian
  5016 | D:8      | Slain by a crocodile

Illustrated notes

Levels and vault maps discovered:
D:1:      dpeg_arrival_caged_fury, layout_loops_cross, minmay_misc_feat_x
D:2:      layout_rooms, marbit_many_paths
D:3:      minmay_evil_eye, layout_basic, nicolae_overflow_crystal_walls,
          lemuel_round_altar, minmay_misc_feat_five
D:4:      layout_basic, minmay_temple_entry_arrows, minmay_manual_mess
D:5:      minmay_spotlight, layout_basic, old_standard_altar, minitemple,
          first_ration, grunt_dithmenos_shadows
D:8:      layout_cave_pools, kiku_gazebo_garden_becter, minmay_lair_entry_grove,
          lightli_ossuary_entry_decrepit_ruins, basic_altar
Temple:   eino_temple_water

Skill      XL: |  1  2  3  4  5  6  7  8 |
---------------+-------------------------+-----
Stealth        | 3 |  3.0
Earth Magic    | 4 5 6 7 |  7.7
Spellcasting   | 3 4 5 |  5.4
Short Blades   | 1 2 4 6 |  6.7
Dodging        | |  1.5
Transmutations | |  1.0

Action                   |  1- 3 |  4- 6 |  7- 9 || total
-------------------------+-------+-------+-------++-------
Melee: Quarterstaff      |    90 |    29 |       ||   119
       Bite              |    15 |    69 |    46 ||   130
       Dagger            |       |   243 |   155 ||   398
Throw: Boomerang         |    12 |       |       ||    12
       Dart              |       |     3 |       ||     3
 Cast: Sandblast         |     6 |    17 |    48 ||    71
       Passwall          |       |     8 |     3 ||    11
       Petrify           |       |       |    10 ||    10
       Lee's Rapid Decon |       |       |     2 ||     2
Invok: Lunge             |       |     4 |     8 ||    12
       Whirlwind         |       |       |     1 ||     1
  Use: Scroll            |       |     5 |     7 ||    12
       Potion            |       |       |     3 ||     3
 Stab: Sleeping          |     4 |    17 |     4 ||    25
       Distracted        |       |     1 |       ||     1
       Petrified         |       |       |     8 ||     8
  Eat: Chunk             |       |     9 |     5 ||    14
       Ration            |       |       |     1 ||     1
Armor: Robe              |    23 |    37 |    11 ||    71
Dodge: Dodged            |    79 |   152 |    76 ||   307
Block: Other             |       |    47 |       ||    47
       Reflection        |       |     1 |       ||     1

Table legend:
 A = Non-vault XP
 B = Vault XP
 C = Vault XP percentage of total XP
 D = Non-vault monster count
 E = Vault monster count
 F = Vault count percentage of total count
                 A         B        C        D         E       F
            +---------+---------+-------+---------+---------+-------
      Total |    1065 |     951 |  47.2 |      98 |      57 |  36.8
            +---------+---------+-------+---------+---------+-------
        D:1 |      47 |      75 |  61.5 |      27 |      20 |  42.6
        D:2 |      65 |       2 |   3.0 |      20 |       1 |   4.8
        D:3 |      59 |      17 |  22.4 |      23 |       3 |  11.5
        D:4 |     309 |     162 |  34.4 |      19 |       4 |  17.4
        D:5 |     206 |      13 |   5.9 |       5 |       1 |  16.7
        D:8 |     339 |     136 |  28.6 |       3 |       1 |  25.0
     Temple |      40 |       0 |   0.0 |       1 |       0 |   0.0
    Ossuary |       0 |     546 | 100.0 |       0 |      27 | 100.0
            +---------+---------+-------+---------+---------+-------
